Lightning vs Senateurs

Created - 19 mars 2017 at 21:12

Goals
1 2 3 T
Lightning 1 1 0 2
Senateurs 3 0 2 5
Shots
1 2 3 T
Lightning 6 8 14 28
Senateurs 9 9 12 30

1st period

1. Senateurs , Brenden Morrow 19 (Brad Richards) at 0:16
2. Senateurs , Gilbert Brule 37 (Thomas Vanek) at 13:38
3. Lightning , Robert Nilsson 38 (Jeff Schultz, Henrik Zetterberg) at 13:48
4. Senateurs , Milan Hejduk 5 (Carlo Colaiacovo, Brandon Dubinsky) at 14:27

Penalties :
Sheldon Keefe (TB.) for Hooking (Minor) at 6:04, Henrik Zetterberg (TB.) for Hooking (Minor) at 14:34, Wayne Simmonds (TB.) for High sticking (Minor) at 18:48

2nd period

5. Lightning , Kris Versteeg 34 (Henrik Zetterberg, Jaroslav Halak) at 10:05 (PP)

Penalties :
Henrik Zetterberg (TB.) for Interference (Minor) at 2:03, Andy McDonald (Ott) for Elbowing (Minor) at 9:46, Thomas Vanek (Ott) for Hooking (Minor) at 14:58

3rd period

6. Senateurs , Brenden Morrow 20 (Brad Richards) at 12:43
7. Senateurs , Thomas Vanek 36 (Dan Hamhuis) at 16:47

Penalties :
Wayne Simmonds (TB.) for Holding Stick (Minor) at 9:15, Henrik Zetterberg (TB.) for High sticking (Minor) at 18:17

Goalie Stats

Jaroslav Halak (TB.), 25 saves from 30 shots - (0,833), L, 25-22-6, 60:00 minutes
Jonas Gustavsson (Ott), 26 saves from 28 shots - (0,929), W, 9-6-1, 60:00 minutes

Players Stats for Lightning

Player Name              G  A  P  +/- PIM S  H  SB GA TA FO     MP     PP MP  PK MP  
------------------------------------------------------------------------------------
Alexander Sulzer         0  0  0  -2  0   0  0  2  1  0  0/0    13:24   0:00   0:00 
Andy Rogers              0  0  0   0  0   0  0  1  0  0  0/0    18:23   0:00   4:06 
Brent Burns              0  0  0  -2  0   0  1  1  0  1  0/0    27:46   1:51   7:31 
Chris Higgins            0  0  0   0  0   2  2  0  0  1  0/0    14:16   0:49   1:39 
Daniel Carcillo          0  0  0  -1  0   0  2  1  0  2  0/0    17:14   0:00   6:18 
Darroll Powe             0  0  0   0  0   2  0  0  1  1  11/16  13:34   0:00   6:26 
Henrik Zetterberg        0  2  2  -3  6   4  1  0  0  0  1/2    17:57   1:29   0:00 
Jeff Schultz             0  1  1   0  0   1  2  3  0  2  0/0    22:43   0:27   7:31 
Kris Versteeg            1  0  1   0  0   2  0  0  0  2  0/3    15:23   1:29   2:02 
Logan Couture            0  0  0   0  0   0  2  0  0  0  3/12   12:20   0:49   0:12 
Pierre-Luc Létourneau    0  0  0   0  0   1  1  1  0  0  0/0     7:07   0:00   0:00 
Pierre-Marc Bouchard     0  0  0  -1  0   1  0  0  0  0  4/7    10:55   0:00   0:00 
Robert Nilsson           1  0  1  -3  0   7  1  1  1  1  10/25  21:22   1:29   3:39 
Sheldon Keefe            0  0  0   0  2   2  0  0  0  0  0/0    10:11   0:00   2:58 
Steve Bernier            0  0  0  -1  0   0  1  1  0  0  0/1    10:55   0:00   0:00 
Victor Hedman            0  0  0  -2  0   2  0  3  0  2  0/0    19:48   1:51   0:00 
Wayne Simmonds           0  0  0  -3  4   2  0  0  0  0  4/5    17:03   0:49   0:00 
Wes O'Neill              0  0  0  -2  0   2  0  3  0  1  0/0    17:56   0:27   4:06 

Players Stats for Senateurs

Player Name              G  A  P  +/- PIM S  H  SB GA TA FO     MP     PP MP  PK MP  
------------------------------------------------------------------------------------
Andrew Ebbett            0  0  0   0  0   1  1  0  0  0  2/5     8:38   0:00   1:12 
Andy McDonald            0  0  0   1  2   0  1  1  0  0  0/0    11:40   0:02   0:58 
Arturs Kulda             0  0  0   1  0   0  1  1  0  0  0/0    10:19   0:00   0:00 
B.J. Crombeen            0  0  0   2  0   1  3  0  1  0  0/1    16:38   5:20   0:00 
Brad Richards            0  2  2   2  0   1  0  0  1  0  12/14  16:55   5:20   0:17 
Brandon Dubinsky         0  1  1   1  0   1  1  0  0  0  4/8    10:35   0:00   0:00 
Brenden Morrow           2  0  2   2  0   7  3  0  0  0  0/0    17:04   5:20   0:26 
Carlo Colaiacovo         0  1  1   3  0   1  2  1  0  0  0/0    20:38   4:37   0:46 
Dan Girardi              0  0  0   3  0   2  0  1  1  1  0/0    20:38   4:37   0:46 
Dan Hamhuis              0  1  1   0  0   2  0  2  0  2  0/0    29:03   7:00   1:32 
Darcy Hordichuk          0  0  0   0  0   2  1  0  0  0  0/0     7:34   0:02   0:00 
George Parros            0  0  0   0  0   0  1  0  0  0  0/1     7:26   0:00   0:00 
Gilbert Brule            1  0  1   1  0   5  3  0  2  0  17/38  24:30   6:17   1:27 
Johan Franzen            0  0  0   1  0   3  4  1  1  0  2/2    22:55   6:15   0:00 
Kurtis Foster            0  0  0   0  0   0  2  2  5  0  0/0    29:03   7:00   1:32 
Milan Hejduk             1  0  1   1  0   2  0  1  2  0  0/1    10:35   0:00   0:00 
Thomas Vanek             1  1  2   1  2   2  2  0  0  0  1/1    23:10   6:15   0:16 
Vladimir Mihalik         0  0  0   1  0   0  0  0  0  0  0/0    10:19   0:00   0:00 

3 Stars

1 - Brenden Morrow (Ott)
2 - Gilbert Brule (Ott)
3 - Thomas Vanek (Ott)

Power Play

Lightning - 1 on 2 Attempt(s) - 50,00%
Senateurs - 0 on 6 Attempt(s) - 0,00%

Penalty Kill

Lightning - 6 on 6 Attempt(s) - 100,00% - Score 0 goal in Penalty Kill
Senateurs - 1 on 2 Attempt(s) - 50,00% - Score 0 goal in Penalty Kill

Team Stat

Lightning - Hits : 13 - Faceoff Wins : 33 - Blocked Shots : 17 - Penalty Minutes : 12
Senateurs - Hits : 25 - Faceoff Wins : 38 - Blocked Shots : 10 - Penalty Minutes : 4

Official

Referees : L'Ecuyer Frederick and Hasenfratz Mike
Linesman : Dan Schachte and Vaughan Rody

Game Notes

No Game Note

Finance

Level 1 -- Attendance: 6000 (100,00%) -- Ticket Income 480 000 $
Level 2 -- Attendance: 4602 (92,04%) -- Ticket Income 230 100 $
Level 3 -- Attendance: 1826 (91,30%) -- Ticket Income 54 780 $
Level 4 -- Attendance: 3825 (95,63%) -- Ticket Income 76 500 $
Luxury Box -- Attendance: 944 (94,40%) -- Ticket Income 146 320 $
Game was played at the Place Banque Scotia.
Total Attendance: 17197 (95,54%)
Total Ticket Income: 987 700 $
Other Income: 148 155 $
Total Income: 1 135 855 $

Lightning

5 vs 5 Forward 
   Center                   Left Wing                Right Wing               Time % Phy DF OF 
 1 Robert Nilsson           Henrik Zetterberg        Wayne Simmonds           40     1   2  2  
 2 Logan Couture            Chris Higgins            Kris Versteeg            30     1   2  2  
 3 Pierre-Marc Bouchard     Daniel Carcillo          Steve Bernier            20     1   2  2  
 4 Darroll Powe             Pierre-Luc Létourneau    Sheldon Keefe            10     1   2  2  

5 vs 5 Defense 
   Defense                  Defense                                           Time % Phy DF OF 
 1 Brent Burns              Victor Hedman                                     40     1   2  2  
 2 Jeff Schultz             Andy Rogers                                       30     1   2  2  
 3 Wes O'Neill              Alexander Sulzer                                  20     1   2  2  
 4 Brent Burns              Jeff Schultz                                      10     1   2  2  

PowerPlay Forward 
   Center                   Left Wing                Right Wing               Time % Phy DF OF 
 1 Robert Nilsson           Henrik Zetterberg        Kris Versteeg            60     1   2  2  
 2 Logan Couture            Chris Higgins            Wayne Simmonds           40     1   2  2  

PowerPlay Defense
   Defense                  Defense                                           Time % Phy DF OF 
 1 Brent Burns              Victor Hedman                                     60     1   2  2  
 2 Wes O'Neill              Jeff Schultz                                      40     1   2  2  

Penalty Kill 4 Players Forward 
   Center                   Wing                     Time % Phy DF OF 
 1 Darroll Powe             Daniel Carcillo          60     1   2  2  
 2 Robert Nilsson           Sheldon Keefe            40     1   2  2  

Penalty Kill 4 Players Defense
   Defense                  Defense                  Time % Phy DF OF 
 1 Brent Burns              Jeff Schultz             60     1   2  2  
 2 Wes O'Neill              Andy Rogers              40     1   2  2  

Penalty Kill - 3 Players Forward 
   Forward                                           Time % Phy DF OF 
 1 Sheldon Keefe                                     60     1   2  2  
 2 Wayne Simmonds                                    40     1   2  2  

Penalty Kill - 3 Players Defense
   Defense                  Defense                  Time % Phy DF OF 
 1 Brent Burns              Jeff Schultz             60     1   2  2  
 2 Andy Rogers              Wes O'Neill              40     1   2  2  

4 vs 4 Forward 
   Center                   Wing                     Time % Phy DF OF 
 1 Robert Nilsson           Henrik Zetterberg        60     1   2  2  
 2 Logan Couture            Kris Versteeg            40     1   2  2  

4 vs 4 Defense
   Defense                  Defense                  Time % Phy DF OF 
 1 Brent Burns              Jeff Schultz             60     1   2  2  
 2 Victor Hedman            Wes O'Neill              40     1   2  2  

Last Minutes Offensive
   Center                   Left Wing                Right Wing               Defense                  Defense                  
   Robert Nilsson           Henrik Zetterberg        Kris Versteeg            Brent Burns              Victor Hedman            

Last Minutes Defensive
   Center                   Left Wing                Right Wing               Defense                  Defense                  
   Robert Nilsson           Henrik Zetterberg        Kris Versteeg            Brent Burns              Jeff Schultz             

Goaltenders
Starting : Jaroslav Halak           
Backup : Tyler Weiman             

Extra Forwards
Normal : Daniel Carcillo, Sheldon Keefe, Darroll Powe - PP : Wayne Simmonds, Daniel Carcillo - PK : Kris Versteeg
Extra Defensemen
Normal : Wes O'Neill, Victor Hedman, Jeff Schultz - PP : Wes O'Neill - PK : Victor Hedman, Jeff Schultz
Penalty Shots
Henrik Zetterberg, Robert Nilsson, Kris Versteeg, Chris Higgins, Wayne Simmonds

Senateurs

5 vs 5 Forward 
   Center                   Left Wing                Right Wing               Time % Phy DF OF 
 1 Gilbert Brule            Thomas Vanek             Johan Franzen            40     1   2  2  
 2 Brad Richards            Brenden Morrow           B.J. Crombeen            30     1   2  2  
 3 Brandon Dubinsky         Andy McDonald            Milan Hejduk             20     1   2  2  
 4 Andrew Ebbett            Darcy Hordichuk          George Parros            10     1   2  2  

5 vs 5 Defense 
   Defense                  Defense                                           Time % Phy DF OF 
 1 Kurtis Foster            Dan Hamhuis                                       40     1   2  2  
 2 Dan Girardi              Carlo Colaiacovo                                  30     1   2  2  
 3 Arturs Kulda             Vladimir Mihalik                                  20     1   2  2  
 4 Kurtis Foster            Dan Hamhuis                                       10     1   2  2  

PowerPlay Forward 
   Center                   Left Wing                Right Wing               Time % Phy DF OF 
 1 Gilbert Brule            Thomas Vanek             Johan Franzen            60     0   2  3  
 2 Brad Richards            Brenden Morrow           B.J. Crombeen            40     0   2  3  

PowerPlay Defense
   Defense                  Defense                                           Time % Phy DF OF 
 1 Kurtis Foster            Dan Hamhuis                                       60     0   2  3  
 2 Dan Girardi              Carlo Colaiacovo                                  40     0   2  3  

Penalty Kill 4 Players Forward 
   Center                   Wing                     Time % Phy DF OF 
 1 Gilbert Brule            Thomas Vanek             60     1   2  2  
 2 Brad Richards            Brenden Morrow           40     1   2  2  

Penalty Kill 4 Players Defense
   Defense                  Defense                  Time % Phy DF OF 
 1 Kurtis Foster            Dan Hamhuis              60     1   2  2  
 2 Dan Girardi              Carlo Colaiacovo         40     1   2  2  

Penalty Kill - 3 Players Forward 
   Forward                                           Time % Phy DF OF 
 1 Gilbert Brule                                     60     1   2  2  
 2 Thomas Vanek                                      40     1   2  2  

Penalty Kill - 3 Players Defense
   Defense                  Defense                  Time % Phy DF OF 
 1 Kurtis Foster            Dan Hamhuis              60     1   2  2  
 2 Dan Girardi              Carlo Colaiacovo         40     1   2  2  

4 vs 4 Forward 
   Center                   Wing                     Time % Phy DF OF 
 1 Gilbert Brule            Thomas Vanek             60     1   2  2  
 2 Brad Richards            Brenden Morrow           40     1   2  2  

4 vs 4 Defense
   Defense                  Defense                  Time % Phy DF OF 
 1 Kurtis Foster            Dan Hamhuis              60     1   2  2  
 2 Dan Girardi              Carlo Colaiacovo         40     1   2  2  

Last Minutes Offensive
   Center                   Left Wing                Right Wing               Defense                  Defense                  
   Gilbert Brule            Thomas Vanek             Johan Franzen            Kurtis Foster            Dan Hamhuis              

Last Minutes Defensive
   Center                   Left Wing                Right Wing               Defense                  Defense                  
   Gilbert Brule            Thomas Vanek             Johan Franzen            Kurtis Foster            Dan Hamhuis              

Goaltenders
Starting : Jonas Gustavsson         
Backup : Ondrej Pavelec           

Extra Forwards
Normal : Darcy Hordichuk, Andy McDonald, Andrew Ebbett - PP : Darcy Hordichuk, Andy McDonald - PK : Andrew Ebbett
Extra Defensemen
Normal : Dan Girardi, Vladimir Mihalik, Kurtis Foster - PP : Dan Girardi - PK : Vladimir Mihalik, Dan Girardi
Penalty Shots
Gilbert Brule, Thomas Vanek, Brad Richards, Brenden Morrow, Johan Franzen

% Time on Ice - Lightning

Lines # - Real PCT - Wanted PCT - Time Play
Normal Forward
1 - 36% - 40% - 16:37
2 - 25% - 30% - 11:26
3 - 24% - 20% - 10:55
4 - 15% - 10% - 7:07
Normal Defense
1 - 39% - 40% - 18:09
2 - 31% - 30% - 14:17
3 - 28% - 20% - 12:57
4 - 2% - 10% - 0:42
PP Forward
1 - 64% - 60% - 1:29
2 - 36% - 40% - 0:49
PP Defense
1 - 80% - 60% - 1:51
2 - 20% - 40% - 0:27
PK Forward
1 - 69% - 60% - 7:58
2 - 31% - 40% - 3:39
PK Defense
1 - 65% - 60% - 7:31
2 - 35% - 40% - 4:06
PK3 Forward
1 - 0% - 60%
2 - 0% - 40%
PK3 Defense
1 - 0% - 60%
2 - 0% - 40%
44 Forward
1 - 0% - 60%
2 - 0% - 40%
44 Defense
1 - 0% - 60%
2 - 0% - 40%
Last Minute Offensive  - 0:00
Last Minute Defensive  - 0:00
Total
Forward - 60:00
Defense - 60:00

% Time on Ice - Senateurs

Lines # - Real PCT - Wanted PCT - Time Play
Normal Forward
1 - 36% - 40% - 16:46
2 - 25% - 30% - 11:18
3 - 23% - 20% - 10:35
4 - 16% - 10% - 7:26
Normal Defense
1 - 41% - 40% - 18:43
2 - 33% - 30% - 15:15
3 - 22% - 20% - 10:19
4 - 4% - 10% - 1:48
PP Forward
1 - 54% - 60% - 6:17
2 - 46% - 40% - 5:20
PP Defense
1 - 60% - 60% - 7:00
2 - 40% - 40% - 4:37
PK Forward
1 - 98% - 60% - 2:15
2 - 2% - 40% - 0:03
PK Defense
1 - 67% - 60% - 1:32
2 - 33% - 40% - 0:46
PK3 Forward
1 - 0% - 60%
2 - 0% - 40%
PK3 Defense
1 - 0% - 60%
2 - 0% - 40%
44 Forward
1 - 0% - 60%
2 - 0% - 40%
44 Defense
1 - 0% - 60%
2 - 0% - 40%
Last Minute Offensive  - 0:00
Last Minute Defensive  - 0:00
Total
Forward - 60:00
Defense - 60:00

Play by Play

1st period


0:01 of 1st period - Robert Nilsson wins face-off versus Gilbert Brule in neutral zone.
0:03 of 1st period - Off-side.
0:04 of 1st period - Gilbert Brule wins face-off versus Robert Nilsson in neutral zone.
0:11 of 1st period - Snap shot by Thomas Vanek.
0:11 of 1st period - Shot Blocked by Victor Hedman.
0:14 of 1st period - Icing by Brent Burns.
0:15 of 1st period - Brad Richards wins face-off versus Robert Nilsson in Lightning zone.
0:16 of 1st period - Slapshot by Brenden Morrow.
0:16 of 1st period - Goal by Brenden Morrow - Lightning : 0 - Senateurs : 1.
0:17 of 1st period - Brandon Dubinsky wins face-off versus Logan Couture in neutral zone.
0:44 of 1st period - Andy Rogers is hit by Darcy Hordichuk and loses puck.
1:13 of 1st period - Snap shot by Johan Franzen.
1:13 of 1st period - Shot Blocked by Alexander Sulzer.
1:27 of 1st period - Snap shot by Chris Higgins.
1:27 of 1st period - Stopped by Jonas Gustavsson without a rebound.
1:28 of 1st period - Brad Richards wins face-off versus Logan Couture in Senateurs zone.
3:16 of 1st period - Icing by Alexander Sulzer.
3:17 of 1st period - Darroll Powe wins face-off versus Brandon Dubinsky in Lightning zone.
3:44 of 1st period - Snap shot by Chris Higgins.
3:44 of 1st period - Stopped by Jonas Gustavsson without a rebound.
3:45 of 1st period - Logan Couture wins face-off versus Gilbert Brule in Senateurs zone.
4:32 of 1st period - Off-side.
4:33 of 1st period - Brad Richards wins face-off versus Henrik Zetterberg in neutral zone.
4:58 of 1st period - Milan Hejduk is hit by Chris Higgins and loses puck.
5:07 of 1st period - Snap shot by Kris Versteeg.
5:07 of 1st period - Shot Misses the Net.
5:09 of 1st period - Slapshot by Wes O'Neill.
5:09 of 1st period - Stopped by Jonas Gustavsson with a rebound.
5:15 of 1st period - Logan Couture is hit by Brandon Dubinsky and loses puck.
6:04 of 1st period - Minor Penalty to Sheldon Keefe for Hooking.
6:05 of 1st period - Gilbert Brule wins face-off versus Darroll Powe in Lightning zone.
6:30 of 1st period - Brad Richards is hit by Jeff Schultz and loses puck.
8:04 of 1st period - Penalty to Sheldon Keefe is over, Sheldon Keefe is back on ice.
8:28 of 1st period - Steve Bernier is hit by George Parros.
10:00 of 1st period - Snap shot by Thomas Vanek.
10:00 of 1st period - Shot Hit the Post.
10:36 of 1st period - Carlo Colaiacovo is hit by Logan Couture and loses puck.
11:01 of 1st period - Brenden Morrow is hit by Pierre-Luc Létourneau and loses puck.
11:23 of 1st period - Gilbert Brule is hit by Daniel Carcillo.
11:27 of 1st period - Brent Burns is hit by Johan Franzen.
11:57 of 1st period - Kris Versteeg is hit by Andy McDonald and loses puck.
12:13 of 1st period - Wayne Simmonds is hit by B.J. Crombeen and loses puck.
12:24 of 1st period - Wayne Simmonds is hit by Thomas Vanek and loses puck.
12:42 of 1st period - Carlo Colaiacovo is hit by Steve Bernier and loses puck.
13:38 of 1st period - Snap shot by Gilbert Brule.
13:38 of 1st period - Goal by Gilbert Brule - Lightning : 0 - Senateurs : 2.
13:39 of 1st period - Robert Nilsson wins face-off versus Gilbert Brule in neutral zone.
13:44 of 1st period - Snap shot by Henrik Zetterberg.
13:44 of 1st period - Stopped by Jonas Gustavsson with a rebound.
13:46 of 1st period - Slapshot by Jeff Schultz.
13:46 of 1st period - Shot Misses the Net.
13:48 of 1st period - Wrist shot by Robert Nilsson.
13:48 of 1st period - Goal by Robert Nilsson - Lightning : 1 - Senateurs : 2.
13:49 of 1st period - Gilbert Brule wins face-off versus Robert Nilsson in neutral zone.
13:51 of 1st period - Off-side.
13:52 of 1st period - Gilbert Brule wins face-off versus Robert Nilsson in neutral zone.
14:19 of 1st period - Slapshot by Brad Richards.
14:19 of 1st period - Stopped by Jaroslav Halak without a rebound.
14:20 of 1st period - Brandon Dubinsky wins face-off versus Logan Couture in Lightning zone.
14:23 of 1st period - Wrist shot by Milan Hejduk.
14:23 of 1st period - Deflect By Andy McDonald.
14:23 of 1st period - Shot Misses the Net.
14:23 of 1st period - Puck is out of play.
14:24 of 1st period - Brandon Dubinsky wins face-off versus Wayne Simmonds in Lightning zone.
14:25 of 1st period - Wrist shot by Milan Hejduk.
14:25 of 1st period - Shot Blocked by Andy Rogers.
14:27 of 1st period - Slapshot by Carlo Colaiacovo.
14:27 of 1st period - Deflect By Milan Hejduk.
14:27 of 1st period - Goal by Milan Hejduk - Lightning : 1 - Senateurs : 3.
14:28 of 1st period - Gilbert Brule wins face-off versus Robert Nilsson in neutral zone.
14:34 of 1st period - Minor Penalty to Henrik Zetterberg for Hooking.
14:35 of 1st period - Darroll Powe wins face-off versus Gilbert Brule in Lightning zone.
15:20 of 1st period - Jeff Schultz is hit by Carlo Colaiacovo and loses puck.
15:35 of 1st period - Slapshot by Carlo Colaiacovo.
15:35 of 1st period - Stopped by Jaroslav Halak with a rebound.
16:26 of 1st period - Icing by Dan Girardi.
16:27 of 1st period - Brad Richards wins face-off versus Kris Versteeg in Senateurs zone.
16:34 of 1st period - Penalty to Henrik Zetterberg is over, Henrik Zetterberg is back on ice.
16:38 of 1st period - Kris Versteeg is hit by Carlo Colaiacovo and loses puck.
16:51 of 1st period - Wrist shot by Henrik Zetterberg.
16:51 of 1st period - Stopped by Jonas Gustavsson with a rebound.
17:00 of 1st period - Icing by Jeff Schultz.
17:01 of 1st period - Pierre-Marc Bouchard wins face-off versus George Parros in Lightning zone.
17:37 of 1st period - Off-side.
17:38 of 1st period - Brad Richards wins face-off versus Logan Couture in neutral zone.
17:43 of 1st period - Slapshot by Brenden Morrow.
17:43 of 1st period - Shot Misses the Net.
17:45 of 1st period - Wrist shot by Brenden Morrow.
17:45 of 1st period - Stopped by Jaroslav Halak with a rebound.
17:47 of 1st period - Wrist shot by Brad Richards.
17:47 of 1st period - Deflect By Brenden Morrow.
17:47 of 1st period - Stopped by Jaroslav Halak with a rebound.
17:49 of 1st period - Slapshot by Brad Richards.
17:49 of 1st period - Deflect By Brenden Morrow.
17:49 of 1st period - Stopped by Jaroslav Halak without a rebound.
17:50 of 1st period - Henrik Zetterberg wins face-off versus Gilbert Brule in Lightning zone.
17:50 of 1st period - Henrik Zetterberg is hit by Johan Franzen.
18:35 of 1st period - Off-side.
18:36 of 1st period - Andrew Ebbett wins face-off versus Pierre-Marc Bouchard in neutral zone.
18:45 of 1st period - Snap shot by Andrew Ebbett.
18:45 of 1st period - Stopped by Jaroslav Halak without a rebound.
18:46 of 1st period - Wayne Simmonds wins face-off versus Gilbert Brule in Lightning zone.
18:48 of 1st period - Minor Penalty to Wayne Simmonds for High sticking.
18:49 of 1st period - Darroll Powe wins face-off versus Gilbert Brule in Lightning zone.
19:45 of 1st period - Darroll Powe is hit by Johan Franzen and loses puck.
Goals for this period are 1 for Lightning vs 3 for Senateurs.
Shots for this period are 6 for Lightning vs 9 for Senateurs.

2nd period


0:01 of 2nd period - Darroll Powe wins face-off versus Gilbert Brule in neutral zone.
0:04 of 2nd period - Snap shot by Brent Burns.
0:04 of 2nd period - Deflect By Daniel Carcillo.
0:04 of 2nd period - Shot Blocked by Kurtis Foster.
0:04 of 2nd period - Puck is out of play.
0:05 of 2nd period - Darroll Powe wins face-off versus Gilbert Brule in Senateurs zone.
0:06 of 2nd period - Snap shot by Daniel Carcillo.
0:06 of 2nd period - Shot Misses the Net.
0:35 of 2nd period - Darroll Powe is hit by Kurtis Foster.
0:48 of 2nd period - Penalty to Wayne Simmonds is over, Wayne Simmonds is back on ice.
1:32 of 2nd period - Wrist shot by Chris Higgins.
1:32 of 2nd period - Shot Misses the Net.
1:34 of 2nd period - Snap shot by Logan Couture.
1:34 of 2nd period - Deflect By Kris Versteeg.
1:34 of 2nd period - Stopped by Jonas Gustavsson without a rebound.
1:35 of 2nd period - Gilbert Brule wins face-off versus Steve Bernier in Senateurs zone.
1:50 of 2nd period - Snap shot by Thomas Vanek.
1:50 of 2nd period - Shot Blocked by Victor Hedman.
2:03 of 2nd period - Minor Penalty to Henrik Zetterberg for Interference.
2:04 of 2nd period - Darroll Powe wins face-off versus Gilbert Brule in Lightning zone.
3:22 of 2nd period - Icing by Dan Girardi.
3:23 of 2nd period - Gilbert Brule wins face-off versus Kris Versteeg in Senateurs zone.
4:03 of 2nd period - Penalty to Henrik Zetterberg is over, Henrik Zetterberg is back on ice.
4:15 of 2nd period - Off-side.
4:16 of 2nd period - Logan Couture wins face-off versus Brandon Dubinsky in neutral zone.
4:24 of 2nd period - Slapshot by Kris Versteeg.
4:24 of 2nd period - Shot Blocked by Andy McDonald.
4:26 of 2nd period - Slapshot by Victor Hedman.
4:26 of 2nd period - Stopped by Jonas Gustavsson without a rebound.
4:27 of 2nd period - Gilbert Brule wins face-off versus Robert Nilsson in Senateurs zone.
4:52 of 2nd period - Brad Richards is hit by Logan Couture and loses puck.
5:23 of 2nd period - Slapshot by Darcy Hordichuk.
5:23 of 2nd period - Stopped by Jaroslav Halak with a rebound.
5:25 of 2nd period - Snap shot by Darcy Hordichuk.
5:25 of 2nd period - Stopped by Jaroslav Halak with a rebound.
5:41 of 2nd period - Wrist shot by Robert Nilsson.
5:41 of 2nd period - Shot Blocked by Kurtis Foster.
5:59 of 2nd period - Backhand shot by Kurtis Foster.
5:59 of 2nd period - Deflect By Brad Richards.
5:59 of 2nd period - Shot Misses the Net.
5:59 of 2nd period - Puck is out of play.
6:00 of 2nd period - Darroll Powe wins face-off versus Brad Richards in Lightning zone.
6:00 of 2nd period - Darroll Powe is hit by Brenden Morrow.
6:08 of 2nd period - Wrist shot by Sheldon Keefe.
6:08 of 2nd period - Stopped by Jonas Gustavsson without a rebound.
6:09 of 2nd period - Robert Nilsson wins face-off versus Gilbert Brule in Senateurs zone.
6:10 of 2nd period - Snap shot by Henrik Zetterberg.
6:10 of 2nd period - Shot Misses the Net.
6:26 of 2nd period - Brent Burns is hit by Gilbert Brule and loses puck.
7:00 of 2nd period - Icing by Andy McDonald.
7:01 of 2nd period - Pierre-Marc Bouchard wins face-off versus Milan Hejduk in Senateurs zone.
7:14 of 2nd period - Slapshot by Robert Nilsson.
7:14 of 2nd period - Stopped by Jonas Gustavsson with a rebound.
7:16 of 2nd period - Snap shot by Jeff Schultz.
7:16 of 2nd period - Stopped by Jonas Gustavsson without a rebound.
7:17 of 2nd period - Johan Franzen wins face-off versus Logan Couture in Senateurs zone.
8:23 of 2nd period - Wrist shot by Gilbert Brule.
8:23 of 2nd period - Stopped by Jaroslav Halak with a rebound.
8:37 of 2nd period - Slapshot by Gilbert Brule.
8:37 of 2nd period - Shot Blocked by Jeff Schultz.
8:43 of 2nd period - Wrist shot by Gilbert Brule.
8:43 of 2nd period - Shot Misses the Net.
8:45 of 2nd period - Snap shot by Thomas Vanek.
8:45 of 2nd period - Shot Misses the Net.
8:47 of 2nd period - Snap shot by Thomas Vanek.
8:47 of 2nd period - Shot Blocked by Pierre-Luc Létourneau.
8:53 of 2nd period - Snap shot by Gilbert Brule.
8:53 of 2nd period - Stopped by Jaroslav Halak without a rebound.
8:54 of 2nd period - Brad Richards wins face-off versus Robert Nilsson in Lightning zone.
8:55 of 2nd period - Snap shot by Brenden Morrow.
8:55 of 2nd period - Stopped by Jaroslav Halak with a rebound.
9:05 of 2nd period - Wrist shot by Henrik Zetterberg.
9:05 of 2nd period - Shot Misses the Net.
9:27 of 2nd period - Wrist shot by Chris Higgins.
9:27 of 2nd period - Shot Misses the Net.
9:29 of 2nd period - Slapshot by Brent Burns.
9:29 of 2nd period - Shot Blocked by Milan Hejduk.
9:31 of 2nd period - Backhand shot by Kris Versteeg.
9:31 of 2nd period - Deflect By Chris Higgins.
9:31 of 2nd period - Shot Misses the Net.
9:31 of 2nd period - Puck is out of play.
9:32 of 2nd period - Pierre-Marc Bouchard wins face-off versus Brandon Dubinsky in Senateurs zone.
9:46 of 2nd period - Minor Penalty to Andy McDonald for Elbowing.
9:47 of 2nd period - Gilbert Brule wins face-off versus Robert Nilsson in Senateurs zone.
10:05 of 2nd period - Wrist shot by Kris Versteeg.
10:05 of 2nd period - Goal by Kris Versteeg - Lightning : 2 - Senateurs : 3.
10:06 of 2nd period - Brad Richards wins face-off versus Robert Nilsson in neutral zone.
10:31 of 2nd period - Icing by Brent Burns.
10:32 of 2nd period - Johan Franzen wins face-off versus Logan Couture in Lightning zone.
11:22 of 2nd period - Snap shot by Daniel Carcillo.
11:22 of 2nd period - Shot Blocked by Dan Girardi.
11:38 of 2nd period - Steve Bernier is hit by Andrew Ebbett and loses puck.
11:57 of 2nd period - Jeff Schultz is hit by B.J. Crombeen and loses puck.
12:04 of 2nd period - Wrist shot by Brad Richards.
12:04 of 2nd period - Shot Blocked by Jeff Schultz.
12:26 of 2nd period - Wayne Simmonds is hit by Gilbert Brule and loses puck.
13:26 of 2nd period - Wrist shot by Wayne Simmonds.
13:26 of 2nd period - Shot Misses the Net.
14:34 of 2nd period - Henrik Zetterberg is hit by B.J. Crombeen and loses puck.
14:58 of 2nd period - Minor Penalty to Thomas Vanek for Hooking.
14:59 of 2nd period - Robert Nilsson wins face-off versus Gilbert Brule in Senateurs zone.
15:14 of 2nd period - Slapshot by Henrik Zetterberg.
15:14 of 2nd period - Stopped by Jonas Gustavsson without a rebound.
15:15 of 2nd period - Gilbert Brule wins face-off versus Robert Nilsson in Senateurs zone.
15:42 of 2nd period - Kurtis Foster is hit by Chris Higgins.
16:58 of 2nd period - Penalty to Thomas Vanek is over, Thomas Vanek is back on ice.
17:11 of 2nd period - Daniel Carcillo is hit by Brenden Morrow and loses puck.
17:24 of 2nd period - Slapshot by Daniel Carcillo.
17:24 of 2nd period - Shot Blocked by Johan Franzen.
17:26 of 2nd period - Snap shot by Darroll Powe.
17:26 of 2nd period - Shot Blocked by Arturs Kulda.
17:28 of 2nd period - Snap shot by Pierre-Luc Létourneau.
17:28 of 2nd period - Shot Misses the Net.
17:30 of 2nd period - Snap shot by Pierre-Luc Létourneau.
17:30 of 2nd period - Stopped by Jonas Gustavsson without a rebound.
17:31 of 2nd period - Brad Richards wins face-off versus Pierre-Marc Bouchard in Senateurs zone.
17:53 of 2nd period - Icing by Andy Rogers.
17:54 of 2nd period - Andrew Ebbett wins face-off versus Darroll Powe in Lightning zone.
17:59 of 2nd period - Snap shot by Andrew Ebbett.
17:59 of 2nd period - Shot Misses the Net.
18:01 of 2nd period - Slapshot by Dan Girardi.
18:01 of 2nd period - Shot Blocked by Jeff Schultz.
18:55 of 2nd period - Snap shot by Gilbert Brule.
18:55 of 2nd period - Shot Blocked by Daniel Carcillo.
18:57 of 2nd period - Wrist shot by Gilbert Brule.
18:57 of 2nd period - Shot Misses the Net.
18:59 of 2nd period - Wrist shot by Carlo Colaiacovo.
18:59 of 2nd period - Shot Misses the Net.
19:01 of 2nd period - Snap shot by Thomas Vanek.
19:01 of 2nd period - Stopped by Jaroslav Halak with a rebound.
19:03 of 2nd period - Snap shot by Thomas Vanek.
19:03 of 2nd period - Shot Misses the Net.
19:05 of 2nd period - Snap shot by Johan Franzen.
19:05 of 2nd period - Stopped by Jaroslav Halak with a rebound.
19:07 of 2nd period - Slapshot by Gilbert Brule.
19:07 of 2nd period - Shot Misses the Net.
19:17 of 2nd period - Snap shot by Gilbert Brule.
19:17 of 2nd period - Shot Blocked by Wes O'Neill.
19:19 of 2nd period - Snap shot by Johan Franzen.
19:19 of 2nd period - Shot Blocked by Alexander Sulzer.
19:21 of 2nd period - Slapshot by Dan Girardi.
19:21 of 2nd period - Stopped by Jaroslav Halak with a rebound.
19:23 of 2nd period - Snap shot by Gilbert Brule.
19:23 of 2nd period - Shot Blocked by Steve Bernier.
19:25 of 2nd period - Snap shot by Johan Franzen.
19:25 of 2nd period - Shot Misses the Net.
19:27 of 2nd period - Slapshot by Gilbert Brule.
19:27 of 2nd period - Stopped by Jaroslav Halak without a rebound.
19:28 of 2nd period - Wayne Simmonds wins face-off versus Brad Richards in Lightning zone.
19:53 of 2nd period - Wayne Simmonds is hit by Kurtis Foster and loses puck.
Goals for this period are 1 for Lightning vs 0 for Senateurs.
Shots for this period are 8 for Lightning vs 9 for Senateurs.

3rd period


0:01 of 3rd period - Robert Nilsson wins face-off versus Gilbert Brule in neutral zone.
0:06 of 3rd period - Snap shot by Henrik Zetterberg.
0:06 of 3rd period - Stopped by Jonas Gustavsson with a rebound.
0:08 of 3rd period - Snap shot by Henrik Zetterberg.
0:08 of 3rd period - Shot Misses the Net.
0:10 of 3rd period - Snap shot by Robert Nilsson.
0:10 of 3rd period - Stopped by Jonas Gustavsson without a rebound.
0:11 of 3rd period - Wayne Simmonds wins face-off versus Gilbert Brule in Senateurs zone.
0:18 of 3rd period - Gilbert Brule is hit by Henrik Zetterberg and loses puck.
1:08 of 3rd period - Snap shot by Daniel Carcillo.
1:08 of 3rd period - Shot Misses the Net.
1:10 of 3rd period - Wrist shot by Steve Bernier.
1:10 of 3rd period - Shot Misses the Net.
2:05 of 3rd period - Snap shot by Kris Versteeg.
2:05 of 3rd period - Shot Misses the Net.
2:44 of 3rd period - Snap shot by Darroll Powe.
2:44 of 3rd period - Stopped by Jonas Gustavsson without a rebound.
2:45 of 3rd period - Darroll Powe wins face-off versus Andrew Ebbett in Senateurs zone.
2:50 of 3rd period - Slapshot by Wes O'Neill.
2:50 of 3rd period - Stopped by Jonas Gustavsson without a rebound.
2:51 of 3rd period - Gilbert Brule wins face-off versus Robert Nilsson in Senateurs zone.
2:58 of 3rd period - Johan Franzen is hit by Robert Nilsson and loses puck.
3:05 of 3rd period - Snap shot by Henrik Zetterberg.
3:05 of 3rd period - Deflect By Wayne Simmonds.
3:05 of 3rd period - Shot Misses the Net.
3:05 of 3rd period - Puck is out of play.
3:06 of 3rd period - Brad Richards wins face-off versus Logan Couture in Senateurs zone.
3:15 of 3rd period - Slapshot by Logan Couture.
3:15 of 3rd period - Shot Misses the Net.
3:56 of 3rd period - Slapshot by B.J. Crombeen.
3:56 of 3rd period - Stopped by Jaroslav Halak with a rebound.
3:58 of 3rd period - Slapshot by Dan Hamhuis.
3:58 of 3rd period - Stopped by Jaroslav Halak with a rebound.
4:00 of 3rd period - Wrist shot by Kurtis Foster.
4:00 of 3rd period - Shot Misses the Net.
4:02 of 3rd period - Slapshot by Dan Hamhuis.
4:02 of 3rd period - Stopped by Jaroslav Halak without a rebound.
4:03 of 3rd period - Robert Nilsson wins face-off versus Gilbert Brule in Lightning zone.
4:10 of 3rd period - Snap shot by Thomas Vanek.
4:10 of 3rd period - Shot Misses the Net.
4:30 of 3rd period - Dan Girardi is hit by Daniel Carcillo and loses puck.
4:37 of 3rd period - Snap shot by Milan Hejduk.
4:37 of 3rd period - Deflect By Brandon Dubinsky.
4:37 of 3rd period - Stopped by Jaroslav Halak without a rebound.
4:38 of 3rd period - Pierre-Marc Bouchard wins face-off versus Gilbert Brule in Lightning zone.
4:51 of 3rd period - Snap shot by Johan Franzen.
4:51 of 3rd period - Stopped by Jaroslav Halak with a rebound.
5:09 of 3rd period - Snap shot by Darroll Powe.
5:09 of 3rd period - Shot Misses the Net.
5:25 of 3rd period - Snap shot by Johan Franzen.
5:25 of 3rd period - Stopped by Jaroslav Halak without a rebound.
5:26 of 3rd period - Robert Nilsson wins face-off versus B.J. Crombeen in Lightning zone.
6:34 of 3rd period - Off-side.
6:35 of 3rd period - Brad Richards wins face-off versus Darroll Powe in neutral zone.
6:50 of 3rd period - Snap shot by Brad Richards.
6:50 of 3rd period - Shot Misses the Net.
7:25 of 3rd period - Wrist shot by Andy McDonald.
7:25 of 3rd period - Shot Misses the Net.
7:27 of 3rd period - Slapshot by Dan Girardi.
7:27 of 3rd period - Shot Blocked by Wes O'Neill.
7:47 of 3rd period - Wes O'Neill is hit by Arturs Kulda and loses puck.
7:58 of 3rd period - Snap shot by Steve Bernier.
7:58 of 3rd period - Shot Misses the Net.
8:44 of 3rd period - Icing by Wes O'Neill.
8:45 of 3rd period - Brandon Dubinsky wins face-off versus Darroll Powe in Lightning zone.
8:46 of 3rd period - Snap shot by Milan Hejduk.
8:46 of 3rd period - Stopped by Jaroslav Halak without a rebound.
8:47 of 3rd period - Thomas Vanek wins face-off versus Robert Nilsson in Lightning zone.
8:52 of 3rd period - Snap shot by Gilbert Brule.
8:52 of 3rd period - Stopped by Jaroslav Halak without a rebound.
8:53 of 3rd period - Gilbert Brule wins face-off versus Robert Nilsson in Lightning zone.
9:15 of 3rd period - Minor Penalty to Wayne Simmonds for Holding Stick.
9:16 of 3rd period - Darroll Powe wins face-off versus Gilbert Brule in Lightning zone.
9:16 of 3rd period - Darroll Powe is hit by Gilbert Brule.
9:53 of 3rd period - Slapshot by Dan Hamhuis.
9:53 of 3rd period - Shot Blocked by Robert Nilsson.
11:11 of 3rd period - Icing by Gilbert Brule.
11:12 of 3rd period - Gilbert Brule wins face-off versus Kris Versteeg in Senateurs zone.
11:15 of 3rd period - Penalty to Wayne Simmonds is over, Wayne Simmonds is back on ice.
11:27 of 3rd period - Wrist shot by Wayne Simmonds.
11:27 of 3rd period - Stopped by Jonas Gustavsson without a rebound.
11:28 of 3rd period - Robert Nilsson wins face-off versus Brandon Dubinsky in Senateurs zone.
12:05 of 3rd period - Slapshot by Andrew Ebbett.
12:05 of 3rd period - Deflect By George Parros.
12:05 of 3rd period - Shot Blocked by Brent Burns.
12:05 of 3rd period - Puck is out of play.
12:06 of 3rd period - Gilbert Brule wins face-off versus Logan Couture in Lightning zone.
12:23 of 3rd period - Snap shot by Kris Versteeg.
12:23 of 3rd period - Shot Blocked by Dan Hamhuis.
12:33 of 3rd period - Daniel Carcillo is hit by Brenden Morrow and loses puck.
12:41 of 3rd period - Icing by Wes O'Neill.
12:42 of 3rd period - Brad Richards wins face-off versus Pierre-Marc Bouchard in Lightning zone.
12:43 of 3rd period - Snap shot by Brenden Morrow.
12:43 of 3rd period - Goal by Brenden Morrow - Lightning : 2 - Senateurs : 4.
12:44 of 3rd period - Robert Nilsson wins face-off versus Gilbert Brule in neutral zone.
12:47 of 3rd period - Backhand shot by Henrik Zetterberg.
12:47 of 3rd period - Shot Misses the Net.
12:49 of 3rd period - Snap shot by Wayne Simmonds.
12:49 of 3rd period - Stopped by Jonas Gustavsson without a rebound.
12:50 of 3rd period - Wayne Simmonds wins face-off versus Gilbert Brule in Senateurs zone.
12:55 of 3rd period - Snap shot by Robert Nilsson.
12:55 of 3rd period - Stopped by Jonas Gustavsson with a rebound.
13:05 of 3rd period - Victor Hedman is hit by Johan Franzen and loses puck.
13:18 of 3rd period - Wrist shot by Robert Nilsson.
13:18 of 3rd period - Stopped by Jonas Gustavsson without a rebound.
13:19 of 3rd period - Brad Richards wins face-off versus Logan Couture in Senateurs zone.
13:32 of 3rd period - Slapshot by Brenden Morrow.
13:32 of 3rd period - Stopped by Jaroslav Halak with a rebound.
13:34 of 3rd period - Slapshot by Dan Girardi.
13:34 of 3rd period - Deflect By Jeff Schultz.
13:34 of 3rd period - Stopped by Jaroslav Halak with a rebound.
14:09 of 3rd period - Henrik Zetterberg is hit by Thomas Vanek and loses puck.
14:27 of 3rd period - Off-side.
14:28 of 3rd period - Logan Couture wins face-off versus Andrew Ebbett in neutral zone.
14:35 of 3rd period - Snap shot by Logan Couture.
14:35 of 3rd period - Shot Misses the Net.
14:37 of 3rd period - Slapshot by Victor Hedman.
14:37 of 3rd period - Stopped by Jonas Gustavsson without a rebound.
14:38 of 3rd period - Gilbert Brule wins face-off versus Robert Nilsson in Senateurs zone.
14:38 of 3rd period - Gilbert Brule is hit by Brent Burns.
14:46 of 3rd period - Snap shot by Gilbert Brule.
14:46 of 3rd period - Shot Misses the Net.
14:48 of 3rd period - Slapshot by Dan Hamhuis.
14:48 of 3rd period - Shot Blocked by Victor Hedman.
14:52 of 3rd period - Snap shot by Thomas Vanek.
14:52 of 3rd period - Shot Misses the Net.
14:54 of 3rd period - Slapshot by Dan Hamhuis.
14:54 of 3rd period - Shot Misses the Net.
15:32 of 3rd period - Snap shot by Pierre-Marc Bouchard.
15:32 of 3rd period - Stopped by Jonas Gustavsson with a rebound.
15:44 of 3rd period - Backhand shot by Sheldon Keefe.
15:44 of 3rd period - Stopped by Jonas Gustavsson without a rebound.
15:45 of 3rd period - Darroll Powe wins face-off versus Andrew Ebbett in Senateurs zone.
15:50 of 3rd period - Wrist shot by Darroll Powe.
15:50 of 3rd period - Stopped by Jonas Gustavsson with a rebound.
16:47 of 3rd period - Snap shot by Thomas Vanek.
16:47 of 3rd period - Goal by Thomas Vanek - Lightning : 2 - Senateurs : 5.
16:48 of 3rd period - Robert Nilsson wins face-off versus Gilbert Brule in neutral zone.
17:03 of 3rd period - Wrist shot by Henrik Zetterberg.
17:03 of 3rd period - Shot Misses the Net.
17:15 of 3rd period - Kurtis Foster is hit by Jeff Schultz and loses puck.
18:01 of 3rd period - Snap shot by Andrew Ebbett.
18:01 of 3rd period - Deflect By Darcy Hordichuk.
18:01 of 3rd period - Shot Blocked by Wes O'Neill.
18:01 of 3rd period - Puck is out of play.
18:02 of 3rd period - Gilbert Brule wins face-off versus Robert Nilsson in Lightning zone.
18:15 of 3rd period - Slapshot by Johan Franzen.
18:15 of 3rd period - Shot Misses the Net.
18:17 of 3rd period - Minor Penalty to Henrik Zetterberg for High sticking.
18:18 of 3rd period - Gilbert Brule wins face-off versus Darroll Powe in Lightning zone.
18:48 of 3rd period - Snap shot by Darroll Powe.
18:48 of 3rd period - Shot Blocked by Dan Hamhuis.
18:50 of 3rd period - Slapshot by Jeff Schultz.
18:50 of 3rd period - Shot Misses the Net.
18:52 of 3rd period - Slapshot by Robert Nilsson.
18:52 of 3rd period - Stopped by Jonas Gustavsson with a rebound.
18:54 of 3rd period - Wrist shot by Sheldon Keefe.
18:54 of 3rd period - Shot Misses the Net.
18:56 of 3rd period - Slapshot by Robert Nilsson.
18:56 of 3rd period - Stopped by Jonas Gustavsson without a rebound.
18:57 of 3rd period - Darroll Powe wins face-off versus Gilbert Brule in Senateurs zone.
19:00 of 3rd period - Wrist shot by Daniel Carcillo.
19:00 of 3rd period - Shot Blocked by Carlo Colaiacovo.
Goals for this period are 0 for Lightning vs 2 for Senateurs.
Shots for this period are 14 for Lightning vs 12 for Senateurs.